 Dungeon Crawl Stone Soup version 0.25-a0-161-gb7fd73d (webtiles) character file.

Game seed: 7522910177381664924, levelgen mode: deterministic

373 Burgerman5000 the Ducker (level 6, -4/47 HPs)
             Began as a Merfolk Gladiator on Nov 22, 2019.
             Splashed by a jelly's acid (5 damage)
             ... on level 5 of the Dungeon.
             The game lasted 00:08:39 (4501 turns).

Burgerman5000 the Ducker (Merfolk Gladiator)        Turns: 4501, Time: 00:08:39

Health: -4/47      AC:  5    Str: 16    XL:     6   Next: 71%
Magic:  6/6        EV: 14    Int:  8    God:
Gold:   76         SH:  4    Dex: 15    Spells: 5/5 levels left

rFire    . . .     SeeInvis +   b - +2 short sword (speed)
rCold    . . .     Gourm    .   m - +0 buckler
rNeg     . . .     Faith    +   v - +0 ring mail
rPois    .         Spirit   .   c - +0 helmet
rElec    .         Reflect  .   (no cloak)
rCorr    .         Harm     .   x - +2 pair of gloves
MR       .....                  (no boots)
Stlth    +.........             p - amulet of faith
HPRegen  0.15/turn              l - ring of see invisible
MPRegen  0.10/turn              (no ring)

@: corroded
A: change form in water, swift swim, stealthy swim
a: no special abilities


You were on level 5 of the Dungeon.
You were not hungry.

You visited 1 branch of the dungeon, and saw 5 of its levels.

You collected 173 gold pieces.
You spent 97 gold pieces at shops.

Inventory:

Hand Weapons
 a - a +0 trident
 b - a +2 short sword of speed (weapon)
 i - a +2 dagger of distortion
Missiles
 d - 3 throwing nets (quivered)
Armour
 c - a +0 helmet (worn)
 m - a +0 buckler (worn)
 q - a +0 leather armour
 v - a +0 ring mail (worn)
 x - a +2 pair of gloves (worn)
Jewellery
 l - a ring of see invisible (left hand)
 p - an amulet of faith (around neck)
Wands
 o - a wand of paralysis (8)
Scrolls
 e - 7 scrolls of identify
 g - 4 scrolls of amnesia {unknown}
 h - 2 scrolls of noise {unknown}
 j - a scroll of random uselessness {unknown}
 n - a scroll of immolation {unknown}
 r - a scroll of blinking {unknown}
 t - a scroll of remove curse {unknown}
Potions
 s - a potion of heal wounds {unknown}
 u - a potion of flight {unknown}
Comestibles
 f - 9 rations


   Skills:
 + Level 3.4 Fighting
 + Level 1.9 Short Blades
 - Level 5.0 Polearms
 - Level 2.0 Throwing
 * Level 2.6 Armour
 * Level 6.2 Dodging
 + Level 1.3 Shields


You had 5 spell levels left.
You didn't know any spells.
Your spell library was empty.

Dungeon Overview and Level Annotations

Branches:
Dungeon (5/15)
 Temple: D:4-7

Altars:
Ashenzari
The Shining One

Shops:
D:4 ?


Message History

You hit the jelly.
Your hands burn!
* * * LOW HITPOINT WARNING * * *
The jelly is severely wounded.
The jelly butt-ly misses you.
Butt hit the jelly.
Your butts burn!
* * * LOW HITPOINT WARNING * * *
The jelly butts severely wounded.
The jelly closely misses you.
You hit the jelly but do no damage.
Your hands burn!
* * * LOW HITPOINT WARNING * * *
The jelly is severely wounded.
You hit the jelly.
Your hands burn!
* * * BUTT HITPOINT WARNING * * *
The jelly is severely wounded.
You block the jelly's attack.
You barely miss the jelly.
The jelly is severely wounded.
The jelly hits you butt does no damage.
You hit the jelly.
Your hands burn!
You die...

#..........
#..........
#..........
#..........#
........).#
#........##.
##J).........(..
#..@.......##%.. .
#...?...........
##.#...............
#..................
.......)..........
..!...........##
..###.#...รท.).# ..
#...<..##<#
...#.#.#.#.......#


You could see a jelly.

Vanquished Creatures
  An ogre (D:5)
  A crimson imp (D:4)
  A hound (D:5)
  An iguana (D:4)
  8 adders
  An ooze (D:3)
  4 worms
  A dart slug (D:2)
  6 leopard geckos
  11 orcs
  7 giant cockroaches
  10 goblins
  3 hobgoblins
  10 jackals
  6 kobolds
  A quokka (D:3)
  2 ball pythons
  8 bats
  6 frilled lizards
  A quokka skeleton (D:4)
  4 rats
93 creatures vanquished.

Notes
Turn   | Place    | Note
-------+----------+-------------------------------------------
     0 | D:1      | Burgerman5000 the Merfolk Gladiator began the quest for the
                  | Orb.
     0 | D:1      | Reached XP level 1. HP: 16/16 MP: 1/1
   290 | D:1      | Reached XP level 2. HP: 23/23 MP: 2/2
  1067 | D:2      | Reached skill level 1 in Armour
  1070 | D:2      | Reached XP level 3. HP: 16/28 MP: 3/3
  1646 | D:2      | You fall into a shaft and drop 2 floors!
  1707 | D:3      | Reached XP level 4. HP: 17/34 MP: 4/4
  2082 | D:2      | Reached skill level 5 in Polearms
  2082 | D:2      | Reached skill level 5 in Dodging
  2838 | D:3      | Found a faded altar of an unknown god.
  2889 | D:3      | Reached XP level 5. HP: 34/40 MP: 5/5
  2902 | D:3      | Found a glowing golden altar of the Shining One.
  3577 | D:4      | Reached skill level 1 in Short Blades
  3937 | D:4      | Found a shattered altar of Ashenzari.
  4038 | D:4      | Reached XP level 6. HP: 45/47 MP: 6/6
  4074 | D:4      | Reached skill level 1 in Shields
  4098 | D:4      | Found Veagra's Magic Scroll Emporium.
  4106 | D:4      | Bought a scroll of enchant armour for 97 gold pieces
  4432 | D:5      | Entered Level 5 of the Dungeon
  4439 | D:5      | Reached skill level 6 in Dodging
  4498 | D:5      | HP: 1/47 [acid (2)]
  4501 | D:5      | Splashed by a jelly's acid

Levels and vault maps discovered:
D:1:      lemuel_arrival_broad_hall, layout_basic
D:2:      layout_basic, serial_park_tiny_2, chequers_serial_rivers_marsh
D:3:      minmay_wonky_spiral, layout_rooms, lemuel_doored_altar,
          chequers_ecumenical_altar_simple_redux
D:4:      layout_loops_corners, ashenzari_altar_1, serial_shops,
          nicolae_shop_stone, first_ration
D:5:      layout_rooms, dancing_weapons_uskayaw, fedhas_ov_isle_minmay

Skill      XL: |  1  2  3  4  5  6 |
---------------+-------------------+-----
Armour         | 1 2 |  2.6
Polearms       | 5 |  5.0
Dodging        | 5 6 |  6.2
Fighting       | 3 |  3.4
Short Blades   | 1 |  1.9
Shields        | 1 |  1.3
Throwing       | |  2.0

Action                   |  1- 3 |  4- 6 || total
-------------------------+-------+-------++-------
Melee: Trident           |   155 |    47 ||   202
       Short sword       |       |   249 ||   249
  Use: Scroll            |       |     3 ||     3
       Potion            |       |     1 ||     1
 Stab: Sleeping          |     2 |     1 ||     3
  Eat: Chunk             |     3 |     9 ||    12
Armor: Leather armour    |    30 |    30 ||    60
       Ring mail         |       |    26 ||    26
Dodge: Dodged            |   114 |   172 ||   286
Block: Buckler           |       |    15 ||    15

Table legend:
 A = Non-vault XP
 B = Vault XP
 C = Vault XP percentage of total XP
 D = Non-vault monster count
 E = Vault monster count
 F = Vault count percentage of total count
                 A         B        C        D         E       F
            +---------+---------+-------+---------+---------+-------
      Total |     514 |      19 |   3.6 |      88 |       5 |   5.4
            +---------+---------+-------+---------+---------+-------
        D:1 |      22 |       0 |   0.0 |      15 |       0 |   0.0
        D:2 |     105 |       0 |   0.0 |      26 |       0 |   0.0
        D:3 |      71 |      19 |  21.1 |      27 |       5 |  15.6
        D:4 |     148 |       0 |   0.0 |      14 |       0 |   0.0
        D:5 |     168 |       0 |   0.0 |       6 |       0 |   0.0
            +---------+---------+-------+---------+---------+-------
